 Dungeon Crawl Stone Soup version 0.30.1-8-g117510f58f (webtiles) character file.

Game seed: 10675442820686681787

144 monsoonserge the Slasher (level 5, -2/42 HPs)
             Began as a Demonspawn Monk on Sept 23, 2023.
             Killed by nerve-wracking pain
             ... invoked by Grinder
              (12 damage)
             ... on level 4 of the Dungeon.
             The game lasted 00:06:40 (2420 turns).

monsoonserge the Slasher (Demonspawn Monk)          Turns: 2420, Time: 00:06:40

Health: -2/42      AC:  6    Str: 12    XL:     5   Next: 5%
Magic:  5/5        EV: 10    Int: 11    God:
Gold:   90         SH:  0    Dex: 23    Spells: 4/4 levels left

rFire   . . .        l - +1 dagger (venom)
rCold   + . .        d - orb {light}
rNeg    . . .        n - +0 scale mail
rPois   .            (helmet restricted)
rElec   .            (no cloak)
rCorr   .            (no gloves)
SInv    .            (no boots)
Will    .....        (no amulet)
Stlth   +            a - ring of protection from cold
HPRegen 0.27/turn    r - +6 ring of dexterity
MPRegen 0.09/turn

%: no passive effects
@: glowing
A: antennae 1, demonic guardian 1, foul stench 1
a: no special abilities


You were on level 4 of the Dungeon.
You visited 1 branch of the dungeon, and saw 4 of its levels.

You collected 126 gold pieces.
You spent 36 gold pieces at shops.

Inventory:

Hand Weapons
 l - a +1 dagger of venom (weapon)
Missiles
 y - 5 boomerangs (quivered)
Armour
 b - a +0 robe
 d - an orb of light (worn)
 e - a +0 leather armour
 m - a +0 ring mail
 n - a +0 scale mail (worn)
 u - a +0 leather armour of fire resistance
 x - a +0 chain mail
Jewellery
 a - a ring of protection from cold (left hand)
 r - a +6 ring of dexterity (right hand)
 w - a ring of see invisible
 D - a +6 ring of strength
Wands
 C - a wand of digging (5)
Scrolls
 i - a scroll of poison {unknown}
 k - a scroll of enchant weapon {unknown}
 o - 3 scrolls of silence {unknown}
 p - a scroll of immolation {unknown}
 q - a scroll of fog {unknown}
 t - a scroll of amnesia {unknown}
 v - a scroll of blinking {unknown}
 A - a scroll of teleportation
 B - a scroll of vulnerability {unknown}
Potions
 c - a potion of ambrosia
 f - 2 potions of resistance {unknown}
 g - a potion of might {unknown}
 h - 3 potions of heal wounds {unknown}
 j - 3 potions of curing {unknown}
 s - a potion of brilliance {unknown}
 z - a potion of degeneration {unknown}


   Skills:
 + Level 3.6 Fighting
 + Level 0.7(2.4) Short Blades
 + Level 3.8 Long Blades
 + Level 1.7 Armour
 + Level 3.3 Dodging


You had 4 spell levels left.
You didn't know any spells.
Your spell library contained the following spells:

 Spells                   Type           Power      Damage    Failure   Level
 Sting                    Tmut/Pois      0%         1d3       88%         1
 Poisonous Vapours        Pois/Air       0%         N/A       95%         2
 Olgreb's Toxic Radiance  Pois           0%         N/A       100%        4


Dungeon Overview and Level Annotations

Branches:
Dungeon (4/15)
 Temple: D:4-7

Altars:

Shops:
D:4 ?

Portals:
Sewer: D:4

Annotations:
D:4 Grinder


Innate Abilities, Weirdness & Mutations

You have a pair of small antennae on your head.
A weak demonic guardian rushes to your aid.
You may rarely emit foul miasma when damaged in melee.


Message History

A ball python comes into view.
The ball python hisses angrily.
Grinder blinks!
The giant cockroach bites you but does no damage.
You hit the giant cockroach.
You kill the giant cockroach!
The rat barely misses you.
You see here a giant cockroach corpse.
You hit the rat.
You kill the rat!
The ball python bites you but does no damage.
The ball python closely misses you.
You hit Grinder.
Grinder is lightly wounded.
The giant cockroach barely misses you. The ball python bites you.
You emit a cloud of foul miasma!
The ball python barely misses you. Grinder attacks as you move away!
Grinder hits you.
You writhe in agony.
The ball python is engulfed in dark miasma.
The ball python is poisoned.
You kill the ball python!
The giant cockroach bites you.
You hit the giant cockroach.
The giant cockroach is poisoned.
The giant cockroach is heavily wounded.
You kill the giant cockroach!
You hit Grinder but do no damage.
Grinder is lightly wounded.
Grinder hits you.
You writhe in agony.
You hit Grinder.
Grinder is poisoned.
Grinder is lightly wounded.
Grinder hits you!
You writhe in agony.
* * * LOW HITPOINT WARNING * * *
You hit Grinder.
Grinder is lightly wounded.
Grinder says, "Don't move a muscle."
Grinder hits you but does no damage.
You hit Grinder.
Grinder is lightly wounded.
Grinder gestures at you. Pain shoots through your body!
You die...

#...~~~...# #..~~~~~..##
#..~~∩~~...##
#..~~~~~....
.#...~~~...#
...........# 5#
.......††..##.# #5# #..
#@# #.# #.# #.# #.# #.#
#.#####.# ## #.......#
#....#####.#
#.########.###### # #
#.##.............# #.#
..#####..##.......####.#


You could see Grinder (very poisoned).

Vanquished Creatures
  Terence (D:2)
  3 adders
  3 worms (D:2)
  A dart slug (D:2)
  4 orcs (D:3)
  6 bats
  5 endoplasms
  7 giant cockroaches
  9 goblins
  3 hobgoblins
  3 jackals (D:1)
  7 kobolds
  4 quokkas
  4 ball pythons
  5 frilled lizards
  6 rats
71 creatures vanquished.

Vanquished Creatures (collateral kills)
  A rat (D:2)
1 creature vanquished.

Grand Total: 72 creatures vanquished

Notes
Turn   | Place    | Note
-------+----------+-------------------------------------------
     0 | D:1      | monsoonserge the Demonspawn Monk began the quest for the
                  | Orb.
     0 | D:1      | Reached XP level 1. HP: 18/18 MP: 1/1
   189 | D:1      | Gained mutation: A weak demonic guardian rushes to your
                  | aid. [demonic ancestry]
   189 | D:1      | Reached XP level 2. HP: 21/24 MP: 2/2
   648 | D:2      | Gained mutation: You may rarely emit foul miasma when
                  | damaged in melee. [demonic ancestry]
   648 | D:2      | Reached XP level 3. HP: 26/29 MP: 3/3
   728 | D:2      | Noticed Terence
   735 | D:2      | Killed Terence
   912 | D:2      | Gained mutation: You have a pair of small antennae on your
                  | head. [demonic ancestry]
   912 | D:2      | Reached XP level 4. HP: 36/36 MP: 4/4
  1259 | D:2      | Reached skill level 1 in Armour
  2097 | D:4      | Found Zareom's Magic Scroll Emporium.
  2108 | D:4      | Bought a scroll of teleportation for 36 gold pieces
  2261 | D:4      | Noticed Grinder
  2393 | D:4      | Reached XP level 5. HP: 42/42 MP: 5/5
  2399 | D:4      | Found a glowing drain.
  2420 | D:4      | Killed from afar by Grinder

Illustrated notes

Levels and vault maps discovered:
D:1:      spicycebolla_arrival_clurvy, layout_basic
D:2:      layout_basic, kennysheep_potato, uniq_terence
D:3:      layout_basic, serial_glass, glass_columns_a, glass_columns_b,
          moated_statue, nicolae_figureground_sparkle
D:4:      layout_loops_ring, portal_sewer_entry_a, grunt_ministairs_15,
          minmay_misc_feat_five, nicolae_stop_n_shop_1, uniq_sigmund,
          uniq_grinder

Skill      XL: |  1  2  3  4 |
---------------+-------------+-----
Long Blades    | 3 |  3.8
Dodging        | 3 |  3.3
Armour         | 1 |  1.7
Fighting       | |  3.6
Short Blades   | |  0.7

Action                     |  1- 3 |  4- 6 || total
---------------------------+-------+-------++-------
  Melee: Falchion          |    72 |       ||    72
         Dagger            |    25 |   103 ||   128
 Armour: Robe              |     5 |       ||     5
         Leather armour    |    22 |       ||    22
         Scale mail        |     9 |    31 ||    40
  Dodge: Dodged            |    74 |    57 ||   131
